 Dungeon Crawl Stone Soup version 0.30-a0-949-g53dc5368d7 (webtiles) character file.

Game seed: 17567224744847442058

136 retardedninja the Covered (level 5, 0/42 HPs)
             Began as a Human Fighter on Mar 27, 2023.
             Slain by a river rat (7 damage)
             ... in a sewer.
             The game lasted 00:02:22 (2231 turns).

retardedninja the Covered (Human Fighter)           Turns: 2231, Time: 00:02:22

Health: 0/42       AC:  7    Str: 18    XL:     5   Next: 43%
Magic:  5/5        EV:  9    Int:  8    God:
Gold:   158        SH:  5    Dex: 13    Spells: 4/4 levels left

rFire   . . .      SeeInvis .    a - +0 war axe
rCold   . . .      Faith    .    c - +0 buckler
rNeg    . . .      Spirit   .    b - +0 scale mail
rPois   .          Reflect  .    (no helmet)
rElec   .          Rampage  .    (no cloak)
rCorr   .                        (no gloves)
Will    .....                    (no boots) Stlth
                                 (no amulet)
HPRegen 0.27/turn                (no ring)
MPRegen 0.09/turn                (no ring)

@: no status effects
A: no striking features
a: no special abilities


You were in a sewer.
You visited 1 branch of the dungeon, and saw 3 of its levels.
You also visited: Sewer.

You collected 158 gold pieces.

Inventory:

Hand Weapons
 a - a +0 war axe (weapon)
Armour
 b - a +0 scale mail (worn)
 c - a +0 buckler (worn)
Jewellery
 g - a ring of wizardry
Scrolls
 e - a scroll of fog {unknown}
 h - 4 scrolls of identify {unknown}
 o - a scroll of enchant weapon {unknown}
 p - a scroll of immolation {unknown}
Potions
 d - 2 potions of might
 f - 2 potions of brilliance {unknown}
 i - 2 potions of heal wounds {unknown}
 j - 2 potions of curing {unknown}
 k - 2 potions of attraction {unknown}
 l - a potion of flight {unknown}
 m - a potion of berserk rage {unknown}
 n - a potion of haste {unknown}


   Skills:
 + Level 3.6 Fighting
 * Level 3.5 Axes
 + Level 3.7 Armour
 + Level 3.6 Shields


You had 4 spell levels left.
You didn't know any spells.
Your spell library contained the following spells:

 Spells                   Type           Power      Damage    Failure   Level
 Freeze                   Ice            0%         1d3       87%         1
 Frozen Ramparts          Ice            0%         1d1       99%         3
 Hailstorm                Conj/Ice       0%         3d3       99%         3


Dungeon Overview and Level Annotations

Branches:
Dungeon (3/15)              Sewer (1/1)

Altars:


Message History

You block the ball python's attack. The ball python constricts you.
The river rat bites you. The rat bites you.
You completely miss the ball python. You closely miss the river rat.
You hit the rat. You block the ball python's attack.
The ball python constricts you. The river rat bites you. The rat bites you.
The ball python bites you but does no damage.
The ball python constricts you.
Unknown command.
You are too injured to fight recklessly!
Unknown command.
You are too injured to fight recklessly!
Unknown command.
You are too injured to fight recklessly!
You slash the rat!
You kill the rat!
You hit the ball python.
You kill the ball python!
You hit the river rat. The river rat closely misses you.
A rat comes into view.
The river rat bites you. The river rat closely misses you.
You see here a rat corpse.
The river rat bites you. The river rat bites you!
The river rat attacks as you move away! The river rat bites you!
* * * LOW HITPOINT WARNING * * *
You closely miss the river rat.
The river rat is almost dead.
The river rat barely misses you.
The river rat bites you but does no damage.
The rat bites you but does no damage.
You closely miss the river rat.
The river rat is almost dead.
You closely miss the rat. The rat bites you.
* * * LOW HITPOINT WARNING * * *
The river rat bites you but does no damage.
You barely miss the river rat.
The river rat is almost dead.
You hit the rat.
You kill the rat!
The river rat bites you!
You die...

...# #...# #...#
#################....#
≈≈~~≈~.~≈~≈≈≈≈≈#.....#
≈~≈~~≈~~~~≈~~≈~......#
~~~≈≈≈≈~~#~~~≈≈......#
~≈≈≈≈≈≈≈≈≈~≈~~†r@...#
~≈≈≈≈≈≈≈≈≈≈≈~~≈....##
≈≈≈≈≈≈≈≈≈≈≈≈≈≈≈#.###
##################


You could see a river rat.

Vanquished Creatures
  2 adders (D:2)
  3 river rats (Sewer)
  A worm (D:3)
  3 ball pythons
  5 bats
  8 endoplasms
  5 giant cockroaches
  6 goblins
  8 hobgoblins
  10 jackals
  6 quokkas
  5 frilled lizards
  4 kobolds
  19 rats
85 creatures vanquished.

Notes
Turn   | Place    | Note
-------+----------+-------------------------------------------
     0 | D:1      | retardedninja the Human Fighter began the quest for the
                  | Orb.
     0 | D:1      | Reached XP level 1. HP: 18/18 MP: 1/1
    55 | D:1      | Reached XP level 2. HP: 23/24 MP: 2/2
   569 | D:1      | Reached XP level 3. HP: 27/29 MP: 3/3
  1361 | D:2      | Reached XP level 4. HP: 35/35 MP: 4/4
  2076 | D:3      | Found a glowing drain.
  2089 | D:3      | Reached XP level 5. HP: 39/41 MP: 5/5
  2092 | Sewer    | Entered a sewer
  2231 | Sewer    | Slain by a river rat

Illustrated notes

Levels and vault maps discovered:
D:1:      minmay_arrival_cross, layout_loops_corners
D:2:      layout_basic, serial_corexii_hall, corexii_hall_statues_x,
          chequers_hall_statues_corner_a, corexii_hall_statues_l,
          chequers_hall_statues_corner_a, corexii_hall_statues_x,
          corexii_hall_statues_l, skrybe_limestone_x, grunt_decor_resistance,
          nrook_mini_backslash, corexii_shack
D:3:      layout_basic, portal_sewer_entry_f
Sewer:    sewer_minmay_w

Skill      XL: |  1  2  3  4 |
---------------+-------------+-----
Axes           | 3 |  3.5
Fighting       | |  3.6
Armour         | |  3.7
Shields        | |  3.6

Action                     |  1- 3 |  4- 6 || total
---------------------------+-------+-------++-------
  Melee: War axe           |   107 |   102 ||   209
 Armour: Scale mail        |    51 |    37 ||    88
  Dodge: Dodged            |    36 |    58 ||    94
  Block: Buckler           |    23 |    28 ||    51

Table legend: (Time is in decaauts)
 A = Elapsed time spent in this place.
 B = Non-inter-level travel time spent in this place.
 C = Inter-level travel time spent in this place.
 D = Time resting spent in this place.
 E = Time spent auto-exploring this place.
 F = Levels seen in this place.
 G = Mean time per level.
                   A        B        C        D        E       F      G
               +--------+--------+--------+--------+--------+-----+--------+
         Total |   2332 |   2275 |     57 |      0 |   1794 |   4 |  583.0 |
       Dungeon |   2163 |   2106 |     57 |      0 |   1703 |   3 |  721.0 |
         Sewer |    169 |    169 |      0 |      0 |     91 |   1 |  169.0 |
               +--------+--------+--------+--------+--------+-----+--------+

Top non-repeatable levels by time:
     D:1: 966 daAuts
     D:2: 916 daAuts
     D:3: 280 daAuts
   Sewer: 169 daAuts
